 Dungeon Crawl Stone Soup version 0.28-a0-938-gbc3f381ebc (webtiles) character file.

Game seed: 7828277483356018624

426 siradein the Charlatan (level 6, 0/37 (46) HPs)
             Began as a Demonspawn Artificer on Nov 28, 2021.
             Was an Initiate of Makhleb.
             Slain by a wight (3 damage)
             ... on level 2 of the Dungeon.
             The game lasted 00:11:39 (5440 turns).

siradein the Charlatan (Demonspawn Artificer)       Turns: 5440, Time: 00:11:40

HP:   0/37 (46)     AC: 13    Str: 19    XL:     6   Next: 64%
MP:   6/6           EV: 11    Int: 12    God:    Makhleb [......]
Gold: 208           SH:  0    Dex: 15    Spells: 5/5 levels left

rFire   + . .      SeeInvis .   a - +0 spear
rCold   . . .      Faith    +   (no shield)
rNeg    . . .      Spirit   .   l - +0 ring mail
rPois   .          Reflect  .   v - +2 helmet
rElec   .          Harm     .   s - +0 cloak
rCorr   .          Rampage  .   (no gloves)
Will    .....                   k - +0 pair of boots
Stlth   ++........              i - amulet of faith
HPRegen 0.12/turn               j - ring of protection from fire
MPRegen 0.10/turn               r - +6 ring of strength

@: heavily drained
A: hooves 1, yellow scales 1, powered by death 2
a: Renounce Religion


You were on level 2 of the Dungeon.
You worshipped Makhleb.
Makhleb was noncommittal.
You visited 1 branch of the dungeon, and saw 4 of its levels.

You collected 208 gold pieces.

Inventory:

Hand Weapons
 a - a +0 spear (weapon)
Missiles
 q - 4 javelins
 u - 4 datura-tipped darts
Armour
 k - a +0 pair of boots (worn)
 l - a +0 ring mail (worn)
 s - a +0 cloak (worn)
 v - a +2 helmet (worn)
Jewellery
 i - an amulet of faith (around neck)
 j - a ring of protection from fire (left hand)
 r - a +6 ring of strength (right hand)
Wands
 c - a wand of flame (1)
 d - a wand of charming (15)
 B - a wand of paralysis (10)
Scrolls
 m - 2 scrolls of identify {unknown}
 n - a scroll of enchant armour {unknown}
 o - a scroll of immolation {unknown}
 p - a scroll of brand weapon {unknown}
 x - a scroll of fear {unknown}
 y - a scroll of blinking {unknown}
 z - a scroll of teleportation {unknown}
Potions
 b - a potion of might {unknown}
 f - 2 potions of heal wounds {unknown}
 g - 2 potions of magic {unknown}
 h - a potion of haste {unknown}
 t - a potion of brilliance {unknown}
 w - a potion of attraction {unknown}
 A - 2 potions of mutation {unknown}
Miscellaneous
 e - a piece from Xom's chessboard (13/15) (quivered)


   Skills:
 + Level 2.7 Fighting
 + Level 2.1 Polearms
 + Level 3.1 Armour
 + Level 2.5 Dodging
 + Level 2.8 Stealth
 + Level 4.1 Evocations


You had 5 spell levels left.
You didn't know any spells.
Your spell library contained the following spells:

 Spells                   Type           Power      Damage    Failure   Level
 Magic Dart               Conj           0%         1d3       50%         1
 Blink                    Tloc           0%         N/A       63%         2
 Searing Ray              Conj           0%         2d4       63%         2
 Lesser Beckoning         Tloc           0%         N/A       86%         3
 Ozocubu's Armour         Ice            0%         N/A       86%         3
 Fulminant Prism          Conj/Hex       0%         3d6       99%         4
 Manifold Assault         Tloc           0%         N/A       100%        5
 Ozocubu's Refrigeration  Ice            0%         4d5       100%        7


Dungeon Overview and Level Annotations

Branches:
Dungeon (4/15)
 Temple: D:4-7

Altars:
Cheibriados
Makhleb
Okawaru

Annotations:
D:3 Terence


Innate Abilities, Weirdness & Mutations

You have large cloven feet.
You are partially covered in yellow scales. (AC +2)
You regenerate health from kills.


Message History

You closely miss the wight.
The wight is heavily damaged.
The wight barely misses you.
The wight hits you with a +1 long sword.
* * * LOW HITPOINT WARNING * * *
You feel drained.
* * * LOW HITPOINT WARNING * * *
You see here a +0 leather armour.
There is a stone staircase leading up here.
The wight hits you with a +1 long sword.
* * * LOW HITPOINT WARNING * * *
You climb upwards.
Level annotation: Terence
There is a stone staircase leading down here.
Terence shouts!
Terence says, "Time to say good-bye..."
Terence screams, "I'm going to kill you!"
Terence says, "Time to say good-bye..."
Terence asks, "Do you want it fast or slow?"
Non-targeted evoke: piece from Xom's chessboard (15/15)
Press: ? - help, Q - select action, (/) - cycle Dir - look around, f - activate You make a move on Xom's chessboard...
Terence suddenly stops moving!
You see here a +0 club.
You see here a +0 club.
The wight closely misses you.
The wight hits you with a +1 long sword!
You feel drained.
There is an escape hatch in the ceiling here.
The wight hits you with a +1 long sword.
You feel drained. A mysterious force pulls you upwards.
The hatch slams shut behind you.
Non-targeted evoke: piece from Xom's chessboard (14/15)
Press: ? - help, Q - select action, (/) - cycle Dir - look around, f - activate You make a move on Xom's chessboard...
The wight is unaffected.
The wight hits you with a +1 long sword!
* * * LOW HITPOINT WARNING * * *
You feel drained.
* * * LOW HITPOINT WARNING * * *
The wight hits you with a +1 long sword.
You die...

..##.############# #.#####
#.##.####.....#############.#
#.##..........##.........##.###
#.##..........##.........##...##
#.##..........##.........##.#..#
#.............##.........##.#..##
.........#######.........##.....#
...........#.............##.≈.≈.#
...#.#.....#....@.#########.....#
...#(#.....#.....z####### #.....#
...'.......'..........)># #.....#
...#.#.....#..........#)# #.≈.###
#....##.####..........#.# ###.#
.....##+####..........#.# #.#
....).........####....#.# #.#
..............# #......#####.#
#.............# #............#


You could see a wight.

Vanquished Creatures
  2 scorpions (D:4)
  A hound (D:4)
  A jelly (D:4)
  Jessica (D:3)
  Natasha (thrice) (D:2)
  Robin (D:2)
  4 adders
  A white imp (D:3)
  An ufetubus (D:4)
  2 worms
  4 dart slugs
  4 orcs
  5 ball pythons
  6 endoplasms
  3 giant cockroaches (D:1)
  11 goblins
  11 hobgoblins
  2 jackals (D:4)
  6 kobolds
  A quokka (D:1)
  3 bats
  4 frilled lizards
  3 rats
80 creatures vanquished.

Notes
Turn   | Place    | Note
-------+----------+-------------------------------------------
     0 | D:1      | siradein the Demonspawn Artificer began the quest for the
                  | Orb.
     0 | D:1      | Reached XP level 1. HP: 15/15 MP: 1/1
    55 | D:1      | Reached skill level 1 in Dodging
    55 | D:1      | Reached skill level 1 in Stealth
   431 | D:1      | Gained mutation: You are partially covered in yellow
                  | scales. (AC +2) [demonic ancestry]
   431 | D:1      | Reached XP level 2. HP: 7/21 MP: 2/2
  1480 | D:2      | Gained mutation: You regenerate a little health from kills.
                  | [demonic ancestry]
  1480 | D:2      | Reached XP level 3. HP: 22/26 MP: 3/3
  2734 | D:3      | Noticed Terence
  3181 | D:3      | Noticed Natasha
  3481 | D:2      | Killed Natasha
  3482 | D:2      | Reached skill level 1 in Polearms
  3482 | D:2      | Reached XP level 4. HP: 23/33 MP: 4/4
  3614 | D:2      | Noticed Natasha
  3639 | D:2      | Killed Natasha
  3768 | D:2      | Noticed Natasha
  3778 | D:2      | Killed Natasha
  3779 | D:2      | Gained mutation: You have large cloven feet. [demonic
                  | ancestry]
  3779 | D:2      | Reached XP level 5. HP: 17/38 MP: 5/5
  4118 | D:3      | Noticed Robin
  4281 | D:2      | Killed Robin
  4457 | D:3      | Found a snail-covered altar of Cheibriados.
  4461 | D:3      | Noticed Jessica
  4477 | D:3      | Killed Jessica
  4978 | D:4      | Found a burning altar of Makhleb.
  4990 | D:4      | Became a worshipper of Makhleb the Destroyer
  5012 | D:4      | Gained mutation: You regenerate health from kills. [demonic
                  | ancestry]
  5012 | D:4      | Reached XP level 6. HP: 30/46 MP: 6/6
  5050 | D:4      | Reached skill level 4 in Evocations
  5097 | D:4      | Found an iron altar of Okawaru.
  5440 | D:2      | Slain by a wight

Illustrated notes

Levels and vault maps discovered:
D:1:      saegor_arrival_under_anarchy, layout_basic
D:2:      layout_basic, kennysheep_donut, chequers_serial_rivers_micro_c
D:3:      layout_rooms, mainiacjoe_overflow_catwalk, serial_glass,
          glass_columns_b, glass_columns_a, feat_on_display, uniq_jessica,
          uniq_natasha, uniq_robin, uniq_terence
D:4:      layout_cave_pools, makhleb_heckhound_becter,
          nicolae_overflow_crystal_walls, portal_sewer_entry_e

Skill      XL: |  1  2  3  4  5  6 |
---------------+-------------------+-----
Dodging        | 1 2 |  2.5
Stealth        | 1 2 |  2.8
Armour         | 2 3 |  3.1
Polearms       | 1 2 |  2.1
Fighting       | 2 |  2.7
Evocations     | 4 |  4.1

Action                   |  1- 3 |  4- 6 || total
-------------------------+-------+-------++-------
Melee: Club              |    50 |       ||    50
       Spear             |   156 |   213 ||   369
       Dagger            |    18 |       ||    18
Evoke: Wand              |     1 |    13 ||    14
       Piece from Xom's  |       |     2 ||     2
 Stab: Sleeping          |     5 |       ||     5
Armor: Leather armour    |    45 |       ||    45
       Ring mail         |    24 |   114 ||   138
Dodge: Dodged            |   138 |   131 ||   269

Table legend: (Time is in decaauts)
 A = Elapsed time spent in this place.
 B = Non-inter-level travel time spent in this place.
 C = Inter-level travel time spent in this place.
 D = Time resting spent in this place.
 E = Time spent auto-exploring this place.
 F = Levels seen in this place.
 G = Mean time per level.
                   A        B        C        D        E       F      G
               +--------+--------+--------+--------+--------+-----+--------+
         Total |   5503 |   5446 |     57 |   1547 |   2198 |   4 | 1375.8 |
       Dungeon |   5503 |   5446 |     57 |   1547 |   2198 |   4 | 1375.8 |
               +--------+--------+--------+--------+--------+-----+--------+

Top non-repeatable levels by time:
     D:2: 2480 daAuts
     D:1: 1433 daAuts
     D:3: 1137 daAuts
     D:4: 451 daAuts
